[Event "Titled Tuesday Blitz May 10 Late 2022"]
[White "Moussard, Jules"]
[Black "Sanchez, Robert"]
[WhiteFideId "642908"]
[BlackFideId "2034360"]
[WhiteElo "2589"]
[BlackElo "2220"]
[Result "1-0"]
[Round "03"]
[TimeControl "180+1"]
[Date "2022.05.10"]
[WhiteClock "0:01:37"]
[BlackClock "0:00:18"]

1. b3 d5 2. Bb2 c5 3. Nf3 Nc6 4. e3 a6 5. d4 e6 6. Nbd2 Nf6 7. g3 Bd6 8. Bg2 O-O 9. O-O cxd4 10. exd4 Bd7 11. a3 Rc8 12. Re1 h6 13. c4 Re8 14. c5 Bf8 15. b4 g6 16. Ne5 Bg7 17. Qb3 Rb8 18. Rac1 Bc8 19. a4 Nd7 20. b5 Ncxe5 21. dxe5 axb5 22. axb5 Bf8 23. Bd4 Qa5 24. Rc3 Nxc5 25. Bxc5 Bxc5 26. Rxc5 Qxd2 27. Rec1 Qd4 28. Qc3 Qxc3 29. R1xc3 Bd7 30. Bf1 Rec8 31. Rc7 Kf8 32. b6 Bc6 33. Ba6 Rxc7 34. bxc7 Ra8 35. Rxc6 bxc6 36. Bb7 Re8 37. f4 c5 38. Kf2 Ke7 39. c8=Q Rxc8 40. Bxc8 Kd8 41. Ba6 Ke7 42. Ke3 f6 43. h4 g5 44. h5 gxf4+ 45. gxf4 fxe5 46. fxe5 Kd7 47. Bb5+ Kc7 48. Kd3 Kb6 49. Bd7 c4+ 50. Kd4 1-0


[Site "https://www.chess.com"]

[Event "Titled Tuesday Blitz May 10 Late 2022"]
[White "Naguleswaran, Annorjan"]
[Black "Lewicki, Miroslaw"]
[WhiteFideId "2093197"]
[BlackFideId "1113380"]
[WhiteElo "1854"]
[BlackElo "2283"]
[Result "0-1"]
[Round "03"]
[TimeControl "180+1"]
[Date "2022.05.11"]
[WhiteClock "0:00:25"]
[BlackClock "0:02:09"]

1. e4 c5 2. Nf3 d6 3. c3 Nf6 4. Bd3 g6 5. h3 Bg7 6. Bc2 O-O 7. d4 cxd4 8. cxd4 Nc6 9. Nc3 a6 10. O-O b5 11. Qe2 Bb7 12. Rd1 Rb8 13. Bg5 h6 14. Bh4 g5 15. Bg3 Nh5 16. Bh2 Nf4 17. Qe3 b4 18. Nd5 Ng6 19. Rac1 e6 0-1


[Site "https://www.chess.com"]

[Event "Titled Tuesday Blitz May 10 Late 2022"]
[White "Nagy, Gabor"]
[Black "Sarana, Alexey"]
[WhiteFideId "737119"]
[BlackFideId "24133795"]
[WhiteElo "2569"]
[BlackElo "2666"]
[Result "0-1"]
[Round "03"]
[TimeControl "180+1"]
[Date "2022.05.10"]
[WhiteClock "0:01:31"]
[BlackClock "0:00:52"]

1. Nf3 Nc6 2. g3 e5 3. d3 d5 4. Bg2 Bg4 5. h3 Be6 6. Ng5 Bf5 7. c3 h6 8. e4 dxe4 9. Nxe4 Nf6 10. Nxf6+ Qxf6 11. Nd2 Bxd3 12. Ne4 Bxe4 13. Bxe4 Bc5 14. O-O O-O 15. b4 Bb6 16. a4 a5 17. b5 Nd8 18. Ba3 Re8 19. Qd7 Ne6 20. Bxb7 Rad8 21. Qc6 Qf5 22. Qg2 Ng5 23. h4 Nh3+ 24. Kh2 Nxf2 25. c4 Rd2 26. c5 Ng4+ 27. Kh1 Qc2 28. cxb6 Rxg2 29. Bxg2 Ne3 30. Bc6 cxb6 31. Rfe1 Ng4 32. Bg2 Qc3 0-1


[Site "https://www.chess.com"]

[Event "Titled Tuesday Blitz May 10 Late 2022"]
[White "Nakamura, Hikaru"]
[Black "Kamsky, Gata"]
[WhiteFideId "2016192"]
[BlackFideId "2000024"]
[WhiteElo "2850"]
[BlackElo "2645"]
[Result "1-0"]
[Round "03"]
[TimeControl "180+1"]
[Date "2022.05.10"]
[WhiteClock "0:00:23"]
[BlackClock "0:00:02"]

1. Nf3 Nf6 2. b3 g6 3. d4 Bg7 4. Bb2 O-O 5. e3 d5 6. c4 c6 7. Bd3 Bg4 8. Nbd2 e6 9. h3 Bxf3 10. Nxf3 a5 11. Qc2 Nbd7 12. O-O Qb8 13. a3 Rd8 14. b4 axb4 15. axb4 Ne8 16. b5 Rxa1 17. Rxa1 dxc4 18. Bxc4 Nd6 19. bxc6 bxc6 20. Be2 c5 21. Rb1 cxd4 22. Nxd4 Bxd4 23. Bxd4 Qc8 24. Qb2 Qc7 25. Rc1 Qa5 26. Bc3 Qa7 27. Rd1 Rb8 28. Qc2 Qc7 29. Qd3 Ne8 30. Ba1 Nf8 31. Qd4 f6 32. Bc4 Rc8 33. Bb3 Qe7 34. g4 h6 35. Bc3 Rc7 36. Bb4 Qf7 37. Qe4 Rd7 38. Rxd7 Qxd7 39. Bxf8 Kxf8 40. Qxg6 Qg7 41. Qe4 e5 42. Kf1 Qc7 43. Qd5 Qg7 44. Ba4 Qa7 45. Qc6 1-0


[Site "https://www.chess.com"]

[Event "Titled Tuesday Blitz May 10 Late 2022"]
[White "Nazaretyan, Tigran"]
[Black "Qashashvili, Alexandre"]
[WhiteFideId "24162345"]
[BlackFideId "13600842"]
[WhiteElo "2225"]
[BlackElo "2316"]
[Result "1-0"]
[Round "03"]
[TimeControl "180+1"]
[Date "2022.05.11"]
[WhiteClock "0:00:27"]
[BlackClock "0:00:25"]

1. d4 c6 2. c4 d5 3. Nf3 Nf6 4. Nc3 Bf5 5. cxd5 Nxd5 6. Nd2 Nxc3 7. bxc3 e6 8. e4 Bg6 9. Be2 h6 10. O-O Nd7 11. a4 b6 12. a5 Be7 13. Qa4 Qc7 14. Ba3 b5 15. Qb3 Bxa3 16. Qxa3 a6 17. c4 Nf6 18. e5 Ne4 19. Nf3 Qe7 20. Qe3 O-O 21. h4 Rad8 22. Bd3 c5 23. Bxe4 cxd4 24. Nxd4 Qxh4 25. Bxg6 Qxd4 26. Qxd4 Rxd4 27. Bh5 Rxc4 28. Rfc1 Rfc8 29. Rxc4 Rxc4 30. Bf3 Rc5 31. Bb7 Rxe5 32. Bxa6 b4 33. Bc4 Rc5 34. a6 Rxc4 35. a7 Rc8 36. a8=Q Rxa8 37. Rxa8+ 1-0


[Site "https://www.chess.com"]

[Event "Titled Tuesday Blitz May 10 Late 2022"]
[White "Ng, Gary"]
[Black "Przybylski, Wojciech"]
[WhiteFideId "2604914"]
[BlackFideId "1117599"]
[WhiteElo "2240"]
[BlackElo "2133"]
[Result "0-1"]
[Round "03"]
[TimeControl "180+1"]
[Date "2022.05.11"]
[WhiteClock "0:00:10"]
[BlackClock "0:00:07"]

1. d4 Nf6 2. Bf4 d5 3. e3 Bg4 4. f3 Bf5 5. Nd2 h6 6. c4 e6 7. Qb3 Nc6 8. Qxb7 Nb4 9. Kf2 Rb8 10. Qxa7 Bd6 11. Bxd6 cxd6 12. a3 Nd3+ 13. Bxd3 Bxd3 14. Qa4+ Nd7 15. b3 O-O 16. cxd5 exd5 17. Ne2 Bb5 18. Qa7 Bc6 19. Qa6 Rb6 20. Qd3 Bb5 21. Qc2 Rc6 22. Qb2 f5 23. Rhc1 Qb6 24. Rxc6 Bxc6 25. Rc1 Nf6 26. Nf4 g5 27. Ne2 f4 28. exf4 gxf4 29. Qc2 Bd7 30. Qg6+ Kh8 31. Qxh6+ Nh7 32. Kf1 Re8 33. Nxf4 Bf5 34. Ng6+ Bxg6 35. Qxg6 Rg8 36. Qe6 Qb5+ 37. Qe2 Qa5 38. Rc7 Qxc7 39. Qe6 Qg7 40. g4 Qxd4 41. Ke2 Rf8 42. g5 Qe5+ 43. Qxe5+ dxe5 44. g6 Nf6 45. h4 e4 46. fxe4 Nxe4 47. g7+ Kxg7 48. Nxe4 dxe4 49. Ke3 Re8 50. b4 Kf6 51. b5 Ke5 52. a4 Ra8 53. h5 Rxa4 54. h6 Ra3+ 55. Ke2 Rh3 56. b6 Rxh6 57. b7 Rb6 0-1


[Site "https://www.chess.com"]

[Event "Titled Tuesday Blitz May 10 Late 2022"]
[White "Nozdrachev, Leonid"]
[Black "Fawzy, Adham"]
[WhiteFideId "24113433"]
[BlackFideId "10613129"]
[WhiteElo "2527"]
[BlackElo "2801"]
[Result "0-1"]
[Round "03"]
[TimeControl "180+1"]
[Date "2022.05.11"]
[WhiteClock "0:00:01"]
[BlackClock "0:00:31"]

1. e4 c5 2. c3 Nf6 3. e5 Nd5 4. d4 cxd4 5. Nf3 Nc6 6. Bc4 Nb6 7. Bb3 d6 8. exd6 Qxd6 9. Nxd4 Nxd4 10. Qxd4 Qxd4 11. cxd4 e6 12. Nc3 Bd7 13. O-O Bc6 14. a4 O-O-O 15. Bg5 Rxd4 16. a5 Nc4 17. Rfd1 Rxd1+ 18. Rxd1 Nd6 19. f3 h6 20. Bf4 Nf5 21. Kf1 Bc5 22. Na4 Be3 23. Be5 Rd8 24. Nc3 Rxd1+ 25. Nxd1 Bd4 26. Bxd4 Nxd4 27. Ba2 Kc7 28. Nc3 Kd6 29. b4 Nb5 30. Nxb5+ Bxb5+ 31. Kf2 g5 32. Ke3 f5 33. Bb1 f4+ 34. Kd4 e5+ 35. Kc3 Bf1 36. g3 Bg2 37. Be4 b6 38. gxf4 exf4 39. Kd4 h5 40. Ba8 g4 41. fxg4 Bxa8 42. gxh5 f3 43. Ke3 Ke5 44. axb6 axb6 45. h3 Kf6 46. h4 Kg7 47. Kf2 Kh6 48. Kg3 Kxh5 49. b5 Bb7 0-1


[Site "https://www.chess.com"]

[Event "Titled Tuesday Blitz May 10 Late 2022"]
[White "Oganian, Miran"]
[Black "Jacobson, Aaron"]
[WhiteFideId "4122488"]
[BlackFideId "2089912"]
[WhiteElo "2357"]
[BlackElo "2265"]
[Result "1-0"]
[Round "03"]
[TimeControl "180+1"]
[Date "2022.05.10"]
[WhiteClock "0:00:51"]
[BlackClock "0:00:05"]

1. e4 d5 2. exd5 Nf6 3. Nc3 Nxd5 4. d4 Bf5 5. Bc4 e6 6. Nf3 Be7 7. O-O O-O 8. Ne5 Nb6 9. Be2 c5 10. Bf3 Qc8 11. d5 exd5 12. Nxd5 Nxd5 13. Bxd5 Nd7 14. Nxd7 Qxd7 15. Qf3 Bg4 16. Qb3 Rad8 17. c4 b5 18. h3 Bh5 19. Be3 Rb8 20. Qd3 Rfd8 21. b3 Bg6 22. Qe2 bxc4 23. bxc4 Bf6 24. Rad1 Qc7 25. Qf3 Re8 26. Rfe1 Rbd8 27. Bf4 Be5 28. Bxe5 Rxe5 29. Bxf7+ Bxf7 30. Rxd8+ Re8 31. Rdxe8+ 1-0


[Site "https://www.chess.com"]

[Event "Titled Tuesday Blitz May 10 Late 2022"]
[White "Ohanyan, Emin"]
[Black "Prohorov, Olexandr"]
[WhiteFideId "13312022"]
[BlackFideId "14105578"]
[WhiteElo "1927"]
[BlackElo "1993"]
[Result "1-0"]
[Round "03"]
[TimeControl "180+1"]
[Date "2022.05.11"]
[WhiteClock "0:00:01"]
[BlackClock "0:00:02"]

1. e4 c5 2. Nf3 e6 3. d4 cxd4 4. Nxd4 Qb6 5. Nc3 Bc5 6. Be3 Nf6 7. Na4 Qa5+ 8. c3 Bxd4 9. Bxd4 Nc6 10. b4 Qc7 11. Bd3 b6 12. O-O Bb7 13. Qe2 d6 14. Nb2 Nxd4 15. cxd4 O-O 16. Rac1 Qe7 17. f3 Rac8 18. Qd2 Rfd8 19. Rc3 Rxc3 20. Qxc3 Rc8 21. Qd2 Qc7 22. Kf2 Nd7 23. Nd1 h6 24. Ne3 d5 25. e5 Qc3 26. Ke2 Qa3 27. Rb1 Nb8 28. Rb3 Qa4 29. Bc2 Ba6+ 30. Ke1 Bc4 31. Rc3 Qxb4 32. a3 Qe7 33. f4 b5 34. f5 a5 35. f6 gxf6 36. Ng4 fxe5 37. Qxh6 f5 38. Rg3 Kf7 39. Nxe5+ Ke8 40. Rg8+ Qf8 41. Qxe6+ Kd8 42. Rxf8+ Kc7 43. Rxc8+ Kb7 44. Rxb8+ Kxb8 45. Qb6+ Kc8 46. Qxa5 Kb7 47. Bxf5 Kb8 48. g3 1-0


[Site "https://www.chess.com"]

[Event "Titled Tuesday Blitz May 10 Late 2022"]
[White "Olenik Campa, Rudi"]
[Black "Arabidze, Meri"]
[WhiteFideId "14633264"]
[BlackFideId "13604040"]
[WhiteElo "2076"]
[BlackElo "2335"]
[Result "1/2-1/2"]
[Round "03"]
[TimeControl "180+1"]
[Date "2022.05.11"]
[WhiteClock "0:00:03"]
[BlackClock "0:00:12"]

1. e4 c5 2. Nf3 e6 3. c4 Nc6 4. Be2 Nf6 5. Nc3 e5 6. O-O Be7 7. d3 d6 8. Ne1 O-O 9. Nc2 Ne8 10. a3 f5 11. b4 b6 12. b5 Nd4 13. Nxd4 exd4 14. Nd5 fxe4 15. dxe4 Nf6 16. Bd3 Ng4 17. f4 Be6 18. f5 Bxd5 19. Qxg4 Bb7 20. Bf4 Bf6 21. Qg3 Bh4 22. Qg4 Rf7 23. Bxd6 Qxd6 24. Qxh4 Re8 25. Rae1 Qe5 26. Qf4 Qxf4 27. Rxf4 Re5 28. Kf2 Rfe7 29. g4 g5 30. fxg6 hxg6 31. h4 Kg7 32. g5 R5e6 33. Kg3 a6 34. a4 a5 35. Re2 Re8 36. Re1 R8e7 37. Kg4 Bc8 38. Kg3 Re5 39. Re2 Rf7 40. Rxf7+ Kxf7 41. Rf2+ Kg7 42. Rf6 Re6 43. Rxe6 Bxe6 44. Kf4 Kf7 45. Ke5 Ke7 46. Be2 Bf7 47. Kf4 Be6 48. Ke5 Bf7 49. Kf4 Be6 50. Bd3 Bf7 51. e5 Be8 52. Ke4 Bf7 53. Kf4 Be8 54. Kg4 Bd7+ 55. Kg3 Be8 56. Kf4 Bf7 57. h5 gxh5 58. g6 Bg8 59. Kg5 Ke6 60. Kxh5 Kxe5 61. Kh6 Kf4 62. Kg7 Be6 63. Kf6 Bg8 64. Kg7 Be6 65. Kf6 Bg8 66. Kg7 1/2-1/2


[Site "https://www.chess.com"]

[Event "Titled Tuesday Blitz May 10 Late 2022"]
[White "Pap, Gyula"]
[Black "Vujic, Mihailo"]
[WhiteFideId "725323"]
[BlackFideId "918873"]
[WhiteElo "2553"]
[BlackElo "2256"]
[Result "0-1"]
[Round "03"]
[TimeControl "180+1"]
[Date "2022.05.10"]
[WhiteClock "0:00:11"]
[BlackClock "0:00:10"]

1. Nc3 Nc6 2. d4 e5 3. dxe5 Nxe5 4. e4 Bc5 5. f4 Nc6 6. Na4 Bxg1 7. Rxg1 Qh4+ 8. g3 Qxh2 9. Be3 d6 10. Nc3 Nf6 11. Be2 h5 12. Qd2 Bg4 13. O-O-O Bxe2 14. Rde1 O-O-O 15. Rxe2 Qh3 16. Bf2 Rhe8 17. Qd3 Qe6 18. Rge1 Nb4 19. Qd4 c5 20. Qd2 Nxa2+ 21. Kb1 Nb4 22. e5 dxe5 23. Qc1 Qc4 24. Rxe5 Rxe5 25. Rxe5 Nfd5 26. Rxd5 Rxd5 27. Be1 Rd6 28. b3 Qf1 29. Nb5 Re6 30. Bd2 Qxc1+ 31. Kxc1 a6 32. Na3 Re2 33. Nc4 Rg2 34. Nd6+ Kc7 35. Nxf7 Rxg3 36. Ng5 Rxg5 37. fxg5 g6 38. Kb2 Kc6 39. Kc3 Kd5 40. Be1 b5 41. Bg3 a5 42. Bc7 Nc6 43. Bh2 a4 44. bxa4 bxa4 45. Kb2 Ke4 46. Ka3 Nd4 47. c4 Nf3 48. Bd6 Kd4 49. Kxa4 Kxc4 50. Be7 h4 0-1


[Site "https://www.chess.com"]

[Event "Titled Tuesday Blitz May 10 Late 2022"]
[White "Papasimakopoulos, Alexandros"]
[Black "Hamley, Ryan"]
[WhiteFideId "4244125"]
[BlackFideId "30959497"]
[WhiteElo "2340"]
[BlackElo "2505"]
[Result "1-0"]
[Round "03"]
[TimeControl "180+1"]
[Date "2022.05.11"]
[WhiteClock "0:01:26"]
[BlackClock "0:00:17"]

1. d4 Nf6 2. c4 e6 3. Nc3 d5 4. cxd5 Nxd5 5. e4 Nxc3 6. bxc3 c5 7. Rb1 Be7 8. Nf3 O-O 9. Bc4 Nd7 10. O-O b6 11. Qe2 Bb7 12. Rd1 Qc7 13. Ba6 Rfd8 14. Bxb7 Qxb7 15. Bf4 Rac8 16. d5 exd5 17. exd5 Bf6 18. c4 Re8 19. Qd3 Qa6 20. Qc2 Qa3 21. Rb3 Qa4 22. Rb2 Qa3 23. Rb3 Qa4 24. h3 h6 25. Rc3 Qb4 26. Rb3 Qa4 27. Rc3 Qb4 28. Re3 Rxe3 29. Bxe3 Re8 30. a4 Qa3 31. Rb1 h5 32. Qb3 Qxb3 33. Rxb3 Kf8 34. a5 Ke7 35. Nd2 Kd8 36. Kf1 g5 37. axb6 axb6 38. g4 hxg4 39. hxg4 Kc7 40. Nf3 Re4 41. Bxg5 Rxc4 42. Bxf6 Nxf6 43. d6+ Kxd6 44. Rxb6+ Ke7 45. Rb7+ Kf8 46. Ne5 Re4 47. Rxf7+ Kg8 48. Rxf6 Rxe5 49. Kg2 Kg7 50. Rc6 Rd5 51. Kg3 Kf7 52. f4 Kg7 53. g5 Kf7 54. Kg4 Kg7 55. Rc7+ Kg6 56. f5+ Rxf5 57. Rc6+ 1-0


[Site "https://www.chess.com"]

[Event "Titled Tuesday Blitz May 10 Late 2022"]
[White "Papp, Petra"]
[Black "Alexiadis, Hristos"]
[WhiteFideId "739049"]
[BlackFideId "4249623"]
[WhiteElo "2259"]
[BlackElo "2416"]
[Result "0-1"]
[Round "03"]
[TimeControl "180+1"]
[Date "2022.05.11"]
[WhiteClock "0:00:23"]
[BlackClock "0:01:35"]

1. d4 Nf6 2. Nf3 g6 3. g3 Bg7 4. Bg2 O-O 5. O-O d6 6. Re1 c6 7. e4 Bg4 8. Nc3 Na6 9. h3 Bxf3 10. Bxf3 Nd7 11. Bg2 Rc8 12. Be3 Re8 13. Qd2 c5 14. dxc5 Naxc5 15. Bd4 Bxd4 16. Qxd4 a6 17. Nd5 Ne6 18. Qd2 Ne5 19. c3 Nc7 20. f4 Nc4 21. Qe2 Nxd5 22. exd5 Qb6+ 23. Kh1 Qxb2 24. Qg4 Qxc3 25. Rac1 Qf6 26. a4 b5 27. Bf1 Rc5 28. Re4 Rxd5 29. Bxc4 bxc4 30. Rexc4 Kg7 31. Qd7 Rf8 32. Re4 e6 33. Rce1 Kg8 34. Qb7 Rd2 35. R4e2 Rxe2 36. Rxe2 Qa1+ 37. Kh2 Qxa4 38. h4 Qb5 39. Qe7 Qxe2+ 0-1


[Site "https://www.chess.com"]

[Event "Titled Tuesday Blitz May 10 Late 2022"]
[White "Perez Molina, Robinson"]
[Black "Winkels, Marcel"]
[WhiteFideId "3403882"]
[BlackFideId "1003887"]
[WhiteElo "2252"]
[BlackElo "1900"]
[Result "1-0"]
[Round "03"]
[TimeControl "180+1"]
[Date "2022.05.11"]
[WhiteClock "0:00:14"]
[BlackClock "0:00:02"]

1. e4 g6 2. d4 Bg7 3. Nc3 d5 4. e5 Nh6 5. h3 O-O 6. f4 Nf5 7. Nge2 e6 8. g3 c5 9. Rg1 cxd4 10. Nxd4 Qb6 11. Nce2 Nc6 12. c3 Nfxd4 13. cxd4 Bd7 14. Qb3 Qc7 15. Bd2 Na5 16. Bxa5 Qxa5+ 17. Nc3 Qb6 18. Qxb6 axb6 19. O-O-O b5 20. Kb1 b4 21. Ne2 Rfc8 22. Nc1 Rc7 23. Rg2 Rac8 24. Bd3 Ba4 25. b3 Bd7 26. Rc2 h5 27. Rdd2 Bh6 28. Rxc7 Rxc7 29. h4 Bf8 30. Rc2 Rxc2 31. Kxc2 Be7 32. Kd2 Kf8 33. Ke3 Ke8 34. Kf3 Kd8 35. Kg2 Kc7 36. Kh3 Kb6 37. g4 hxg4+ 38. Kxg4 Bf8 39. Ne2 Bh6 40. h5 Kc7 41. hxg6 fxg6 42. Ng1 Be8 43. Nf3 Kd7 44. Bb5+ Ke7 45. Bd3 Kf8 46. Ne1 Kg7 47. Nc2 Kg8 48. Nxb4 Bf8 49. Nc2 Be7 50. a4 Kg7 51. Bb5 Bf7 52. b4 Bg8 53. Bd7 Kf8 54. a5 Bf7 55. Bc8 Bd8 56. Bxb7 Be8 57. Ba6 Ba4 58. Ne3 Be7 59. b5 Bb4 60. b6 Bxa5 61. b7 Bc7 62. Kg5 Kg7 63. Ng4 Bd8+ 64. Nf6 Be7 65. b8=Q 1-0


[Site "https://www.chess.com"]

[Event "Titled Tuesday Blitz May 10 Late 2022"]
[White "Perez Rodriguez, Jennifer"]
[Black "Shapiro, David"]
[WhiteFideId "3507831"]
[BlackFideId "24133523"]
[WhiteElo "2170"]
[BlackElo "2300"]
[Result "0-1"]
[Round "03"]
[TimeControl "180+1"]
[Date "2022.05.11"]
[WhiteClock "0:00:57"]
[BlackClock "0:01:17"]

1. e4 e5 2. Nc3 Nf6 3. f4 d5 4. fxe5 Nxe4 5. Nf3 c5 6. Bb5+ Bd7 7. Bxd7+ Qxd7 8. O-O Nc6 9. Nxe4 dxe4 10. Ng5 Nxe5 11. Qe2 O-O-O 12. Nxe4 f5 13. Ng3 Qd4+ 14. Kh1 g6 15. d3 Qd5 16. Bg5 Re8 17. Bf6 Rg8 18. Rae1 Bd6 19. Qd2 Ng4 20. Rxe8+ Rxe8 21. Re1 Nxf6 0-1


[Site "https://www.chess.com"]

[Event "Titled Tuesday Blitz May 10 Late 2022"]
[White "Petre, Nad-Titus"]
[Black "Keymer, Vincent"]
[WhiteFideId "1204165"]
[BlackFideId "12940690"]
[WhiteElo "2354"]
[BlackElo "2548"]
[Result "0-1"]
[Round "03"]
[TimeControl "180+1"]
[Date "2022.05.10"]
[WhiteClock "0:00:01"]
[BlackClock "0:00:04"]

1. d4 Nf6 2. Nf3 e6 3. Bf4 d5 4. e3 Bd6 5. Bg3 O-O 6. Nbd2 c5 7. c3 Qc7 8. Bd3 Nbd7 9. Qe2 e5 10. dxe5 Nxe5 11. Nxe5 Bxe5 12. Bxe5 Qxe5 13. Nf3 Qe7 14. h3 h6 15. O-O Rd8 16. Rfd1 b6 17. a4 a6 18. Rab1 a5 19. Bb5 Rd6 20. b4 axb4 21. cxb4 Bf5 22. Rb2 c4 23. Nd4 Bg6 24. f3 Bd3 25. Rxd3 cxd3 26. Qxd3 Rc8 27. Rc2 Rxc2 28. Nxc2 Rd8 29. Qc3 Ne8 30. Nd4 Qc7 31. Qc6 Kf8 32. Kf2 Qxc6 33. Bxc6 Nc7 34. Ke2 g6 35. Kd3 Ke7 36. h4 Kd6 37. Bb5 Ne6 38. Ne2 Rc8 39. g4 Rc7 40. Kd2 Rc8 41. Kd3 Rh8 42. Kd2 h5 43. g5 Rc8 44. Kd3 Ng7 45. Ng3 Ke6 46. Kd2 Rc7 47. Bd3 Ke5 48. a5 bxa5 49. bxa5 Rc5 50. a6 Ra5 51. f4+ Kd6 52. Kc3 Ra3+ 53. Kd2 Ne6 54. f5 Nc5 55. Be2 Nxa6 56. fxg6 fxg6 57. Bd3 Ra2+ 58. Kc3 Nc5 59. Bxg6 Ke5 60. Nxh5 Rh2 61. Nf4 Rxh4 62. Bf7 Rg4 63. Bxd5 Rxg5 64. Bc4 Ke4 65. Nd3 Kxe3 66. Nxc5 Rxc5 67. Kb4 Kd4 68. Bb3 Rc1 69. Ka3 Kc3 0-1


[Site "https://www.chess.com"]

[Event "Titled Tuesday Blitz May 10 Late 2022"]
[White "Petrova, Irina"]
[Black "Voiteanu, Gabriel"]
[WhiteFideId "14124122"]
[BlackFideId "1208810"]
[WhiteElo "1993"]
[BlackElo "2001"]
[Result "0-1"]
[Round "03"]
[TimeControl "180+1"]
[Date "2022.05.11"]
[WhiteClock "0:00:18"]
[BlackClock "0:00:12"]

1. e4 e5 2. Nf3 Nc6 3. Bb5 Nf6 4. d3 Bc5 5. Nc3 O-O 6. Bg5 h6 7. Bh4 Bb4 8. O-O Bxc3 9. bxc3 d6 10. Re1 Bg4 11. h3 Bh5 12. d4 a6 13. Bxc6 bxc6 14. dxe5 Bxf3 15. Qxf3 dxe5 16. Rad1 Qe7 17. Bxf6 Qxf6 18. Qxf6 gxf6 19. Rd7 Ra7 20. Re3 Rb7 21. Rg3+ Kh7 22. h4 a5 23. h5 a4 24. Kh2 a3 25. c4 Rb2 26. Rxa3 Rxc2 27. Rxc7 Rxc4 28. Ra6 Rxe4 29. Raxc6 Kg7 30. g3 Ra4 31. Rc2 Rfa8 32. Kg2 Rxa2 33. Rxa2 Rxa2 34. Rb7 e4 35. Kg1 f5 36. Rb6 Ra5 37. Kg2 f4 38. gxf4 Rxh5 39. Rb4 f5 40. Rb7+ Kf6 41. Rb6+ Ke7 42. Ra6 Rh4 43. Kg3 Rg4+ 44. Kh3 Rxf4 45. Kg3 Rg4+ 46. Kh3 h5 47. Rh6 h4 48. Ra6 Kf7 49. Rb6 Kg7 50. Ra6 Rf4 51. Kg2 h3+ 52. Kxh3 Rxf2 53. Kg3 Rf3+ 54. Kg2 Kf7 55. Rb6 Rd3 56. Kf2 Ke7 57. Ke2 Rd6 58. Rb5 Ke6 59. Ke3 Rd5 60. Rb8 Rd3+ 61. Ke2 Ke5 62. Rh8 Ra3 63. Rh7 f4 64. Rh5+ Kf6 65. Rb5 Ra2+ 66. Ke1 Ke6 67. Rh5 e3 68. Rb5 f3 69. Rb1 Rh2 70. Rb6+ Kd5 0-1


[Site "https://www.chess.com"]

[Event "Titled Tuesday Blitz May 10 Late 2022"]
[White "Petrovskyi, Vadym"]
[Black "Yurovskykh, Oleksandr"]
[WhiteFideId "14165210"]
[BlackFideId "14134020"]
[WhiteElo "2771"]
[BlackElo "2520"]
[Result "1-0"]
[Round "03"]
[TimeControl "180+1"]
[Date "2022.05.11"]
[WhiteClock "0:02:20"]
[BlackClock "0:01:56"]

1. e4 e6 2. d4 d5 3. Nc3 dxe4 4. Nxe4 Bd7 5. Nf3 Bc6 6. Bd3 Nd7 7. O-O Ngf6 8. Re1 Nxe4 9. Bxe4 Bxe4 10. Rxe4 Nf6 11. Re3 Be7 12. Ne5 O-O 13. c3 c6 14. Rg3 g6 15. Bh6 Re8 16. Rf3 Bf8 17. Bg5 Be7 18. Qb3 Rb8 19. Re1 Nd7 20. Nxf7 1-0


[Site "https://www.chess.com"]

[Event "Titled Tuesday Blitz May 10 Late 2022"]
[White "Piliczewski, Bogusz"]
[Black "Purtseladze, Maka"]
[WhiteFideId "1104144"]
[BlackFideId "13602659"]
[WhiteElo "1896"]
[BlackElo "2224"]
[Result "0-1"]
[Round "03"]
[TimeControl "180+1"]
[Date "2022.05.11"]
[WhiteClock "0:00:03"]
[BlackClock "0:01:02"]

1. d4 Nf6 2. Nf3 e6 3. Bf4 c5 4. c3 d5 5. e3 Bd6 6. Ne5 O-O 7. Bd3 Qe7 8. Nd2 Nfd7 9. Nxd7 Nxd7 10. Bxd6 Qxd6 11. dxc5 Nxc5 12. Bc2 b6 13. O-O Ba6 14. Re1 Nd3 15. Bxd3 Bxd3 16. e4 Rfd8 17. Nf3 Bxe4 18. Ng5 Bg6 19. h4 h6 20. h5 Bf5 21. g4 Qf4 22. gxf5 Qxg5+ 23. Kf1 Qxf5 24. Qe2 Qh3+ 25. Kg1 Rac8 26. Rad1 Rc4 27. Rd3 Rg4+ 0-1


[Site "https://www.chess.com"]

[Event "Titled Tuesday Blitz May 10 Late 2022"]
[White "Pinheiro, Iung Alicio de O."]
[Black "Sjugirov, Sanan"]
[WhiteFideId "2104350"]
[BlackFideId "4189302"]
[WhiteElo "2283"]
[BlackElo "2602"]
[Result "0-1"]
[Round "03"]
[TimeControl "180+1"]
[Date "2022.05.10"]
[WhiteClock "0:00:01"]
[BlackClock "0:01:03"]

1. c4 e5 2. g3 Nf6 3. Bg2 Bc5 4. a3 a5 5. e3 O-O 6. Nc3 c6 7. Nge2 d5 8. cxd5 cxd5 9. d4 exd4 10. Nxd4 Nc6 11. O-O Bg4 12. Qd3 Bb6 13. Nxc6 bxc6 14. b3 d4 15. exd4 Qxd4 16. Qc2 Qe5 17. Bf4 Qh5 18. Ne4 Nd5 19. Bd6 Rfe8 20. Bc5 Bc7 21. Nd6 Re6 22. Nc4 Nf4 23. Ne3 Ne2+ 24. Kh1 Bf3 25. Qf5 Bxg2+ 26. Kxg2 Qxf5 27. Nxf5 Re5 28. Ne7+ Kh8 29. b4 Nc3 30. Nxc6 Rd5 31. Rae1 Rd7 32. Nd4 h6 33. Nb5 Nxb5 34. a4 Nc3 35. b5 Nxa4 36. Be3 Bb6 37. Ra1 Bxe3 38. fxe3 Nb6 39. Rfc1 a4 40. Rc6 Nd5 41. b6 Rb7 0-1


[Site "https://www.chess.com"]

[Event "Titled Tuesday Blitz May 10 Late 2022"]
[White "Pranav, V"]
[Black "Urbina Perez, Juan Antonio"]
[WhiteFideId "25060783"]
[BlackFideId "2217368"]
[WhiteElo "2349"]
[BlackElo "2192"]
[Result "1/2-1/2"]
[Round "03"]
[TimeControl "180+1"]
[Date "2022.05.11"]
[WhiteClock "0:00:07"]
[BlackClock "0:00:06"]

1. e4 c5 2. Nf3 d6 3. Bb5+ Bd7 4. Bxd7+ Nxd7 5. O-O Ngf6 6. Re1 e6 7. c3 Be7 8. d4 O-O 9. e5 Ne8 10. Nbd2 cxd4 11. cxd4 dxe5 12. dxe5 Nc7 13. Ne4 Nd5 14. a3 Nc5 15. Nxc5 Bxc5 16. Qe2 Rc8 17. Qe4 Be7 18. Bd2 Qc7 19. Rac1 Qb6 20. b4 Rfd8 21. h4 Rc7 22. Bg5 Rxc1 23. Rxc1 h6 24. Bd2 Rd7 25. Qg4 Kf8 26. Qe4 Kg8 27. Qg4 Kf8 28. Qh5 Rc7 29. Re1 Rc2 30. Qg4 Qc7 31. Qe4 Kg8 32. Qg4 Kf8 33. g3 Qc4 34. Qh5 Qd3 35. Bc1 Qc3 36. Bxh6 gxh6 37. Qxh6+ Ke8 38. Qh5 Rc1 39. Rxc1 Qxc1+ 40. Kg2 Qc4 41. Qh8+ Kd7 42. Qg8 f5 43. exf6 Nxf6 44. Qf7 Qe4 45. h5 Ng4 46. Qg7 Kd6 47. h6 Ne5 48. h7 Qxf3+ 49. Kg1 Qd1+ 50. Kg2 Qf3+ 51. Kg1 Qd1+ 52. Kg2 Qd5+ 53. Kg1 Nf3+ 54. Kf1 Nd2+ 55. Kg1 Nf3+ 56. Kf1 Nd2+ 57. Kg1 Nf3+ 1/2-1/2


[Site "https://www.chess.com"]

[Event "Titled Tuesday Blitz May 10 Late 2022"]
[White "Ramirez Vido, Robert Yorisan"]
[Black "Jeet, Jain"]
[WhiteFideId "3513823"]
[BlackFideId "5073022"]
[WhiteElo "2349"]
[BlackElo "2028"]
[Result "1-0"]
[Round "03"]
[TimeControl "180+1"]
[Date "2022.05.11"]
[WhiteClock "0:00:08"]
[BlackClock "0:00:40"]

1. Nf3 Nf6 2. g3 b6 3. Bg2 Bb7 4. O-O g6 5. d3 Bg7 6. e4 d6 7. Re1 O-O 8. Nc3 c5 9. e5 dxe5 10. Nxe5 Bxg2 11. Kxg2 Nbd7 12. Nc6 Qc7 13. Nxe7+ Kh8 14. Nb5 Qd8 15. Bf4 Nb8 16. Nc7 Nh5 17. Nxa8 Nxf4+ 18. gxf4 Na6 19. Qf3 Bxb2 20. Rab1 Bc3 21. Re2 Qxa8 22. Qxa8 Rxa8 23. Nd5 Bg7 24. Rbe1 h5 25. Re8+ Rxe8 26. Rxe8+ Kh7 27. Re7 Kg8 28. Rxa7 Nb4 29. Nxb4 cxb4 30. Rb7 Bd4 31. Rd7 Bc5 32. d4 Bf8 33. Rb7 Kg7 34. Rxb6 f6 35. d5 Kf7 36. Rb7+ Ke8 37. Kf3 Bd6 38. Ke4 Kf8 39. h3 f5+ 40. Kf3 Be7 41. Ke3 Bd6 42. Kd4 Bxf4 43. Rxb4 g5 44. Rb7 g4 45. hxg4 fxg4 46. a4 h4 47. a5 Bh2 48. a6 Bg1 49. a7 Bxf2+ 50. Ke4 Bxa7 51. Rxa7 h3 52. Kf4 Kg8 53. Kxg4 h2 54. Ra1 h1=Q 55. Rxh1 Kg7 56. Re1 Kf6 57. d6 Kf7 58. d7 Kf6 59. d8=Q+ Kf7 60. Qg5 Kf8 61. Qf6+ Kg8 62. Re8+ Kh7 63. Rh8# 1-0


[Site "https://www.chess.com"]